 Dungeon Crawl Stone Soup version 0.25.1-2-g60ff931df9 (webtiles) character file.

Game seed: 12715757305079569939

126192 H0rd4k the Markshuman (level 17, -7/133 HPs)
             Began as a Human Artificer on Sept 14, 2020.
             Was an Initiate of Gozag.
             Mangled by a six-headed hydra (12 damage)
             ... on level 4 of the Swamp on Sept 15, 2020.
             The game lasted 01:27:00 (32649 turns).

H0rd4k the Markshuman (Human Artificer)            Turns: 32649, Time: 01:27:04

Health: -7/133     AC: 23    Str: 21    XL:     17   Next: 52%
Magic:  31/31      EV: 19    Int: 15    God:    Gozag
Gold:   3285       SH:  0    Dex: 21    Spells: 18/23 levels left

rFire    + + .     SeeInvis .   E - +9 shortbow (vorpal)
rCold    x . .     Gourm    .   (shield currently unavailable)
rNeg     . . .     Faith    .   i - +5 ring mail "Ecsuahud" {Slay+5}
rPois    .         Spirit   .   j - +1 helmet
rElec    +         Reflect  .   p - scarf {harm}
rCorr    +         Harm     +   J - +2 pair of gloves {Str+3}
MR       +....                  U - +0 pair of boots of the Swamp {rC- Dex+6}
Stlth    ++........             X - amulet "Cime" {RegenMP rF++ Int+3}
HPRegen  0.32/turn              T - +4 ring of protection
MPRegen  0.47/turn              V - ring "Naygho" {rElec rCorr MP+9}

@: lethally poisoned (-7 -> -104), frozen, gold aura, very slow
A: no striking features
a: Potion Petition, Call Merchant, Bribe Branch, Renounce Religion


You were on level 4 of the Swamp.
You worshipped Gozag.
Gozag was most pleased with you.
You were not hungry.

You visited 5 branches of the dungeon, and saw 25 of its levels.
You also visited: Ice Cave and Volcano.

You collected 9414 gold pieces.
You spent 2269 gold pieces at shops.
You paid 3860 gold pieces to Gozag.

Inventory:

Hand Weapons
 v - a +3 dagger of draining
 E - a +9 vorpal shortbow (weapon)
Missiles
 l - 88 poisoned darts
 y - 4 datura-tipped darts
 F - 147 arrows (quivered)
Armour
 i - the +5 ring mail "Ecsuahud" (worn) {Slay+5}
   (You found it on level 5 of the Dungeon)

   It affects your accuracy and damage with ranged weapons and melee attacks
   (+5).
 j - a +1 helmet (worn)
 p - a scarf of harm (worn)
 J - a +2 pair of gloves of strength (worn)
 U - the +0 pair of boots of the Swamp (worn) {rC- Dex+6}
   (You bought it in a shop on level 11 of the Dungeon)

   It affects your dexterity (+6).
   It makes you vulnerable to cold.
Jewellery
 a - an uncursed ring of stealth
 I - the ring of Lyenotum {rC+ rN+}
   (You bought it in a shop on level 9 of the Dungeon)

   [ring of protection from cold]

   It protects you from cold.
   It protects you from negative energy.
 T - a +4 ring of protection (left hand)
 V - the ring "Naygho" (right hand) {rElec rCorr MP+9}
   (You found it on level 6 of the Lair of Beasts)

   [ring of resist corrosion]

   It insulates you from electricity.
   It affects your magic capacity (+9).
   It provides partial protection from all sources of acid and corrosion.
 X - the amulet "Cime" (around neck) {RegenMP rF++ Int+3}
   (You bought it in a shop on level 9 of the Dungeon)

   [amulet of magic regeneration]

   It increases your magic regeneration.
   It affects your intelligence (+3).
   It greatly protects you from fire.
Wands
 c - a wand of flame (60)
 d - a wand of enslavement (24)
 e - a wand of random effects (36)
 m - a wand of paralysis (6)
 s - a wand of acid (8)
 w - a wand of clouds (3)
 x - a wand of digging (18)
 B - a wand of polymorph (19)
 L - a wand of iceblast (26)
Scrolls
 k - 10 scrolls of teleportation
 o - a scroll of identify
 q - 3 scrolls of blinking
 r - 8 scrolls of remove curse
 D - 2 scrolls of fog
 G - a scroll of magic mapping
 O - a scroll of fear
 R - 8 scrolls of amnesia
Potions
 g - 9 potions of curing
 h - 5 potions of berserk rage
 n - a potion of magic
 u - 4 potions of might
 A - 2 potions of stabbing
 C - 2 potions of haste
 H - a potion of cancellation
 K - 6 potions of brilliance
 N - 2 potions of flight
 S - 2 potions of resistance
Miscellaneous
 b - a phantom mirror
 W - a tin of tremorstones (3/3)
Comestibles
 f - 43 rations


   Skills:
 + Level 12.2 Fighting
 + Level 11.3(11.5) Short Blades
   Level 3.2(8.0) Long Blades
 + Level 15.3 Bows
 + Level 0.3 Throwing
 + Level 10.3 Armour
 + Level 9.6 Dodging
 + Level 10.4 Stealth
 + Level 0.4 Unarmed Combat
 + Level 3.8 Spellcasting
 * Level 5.7 Hexes
 + Level 3.5 Charms
 + Level 3.4 Translocations
 + Level 6.0 Evocations


You had 18 spell levels left.
You knew the following spells:

 Your Spells              Type           Power        Failure   Level  Hunger
a - Shroud of Golubria    Chrm/Tloc      ##....       10%         2    ##.....
b - Portal Projectile     Hex/Tloc       ###...       12%         3    ###....

Your spell library contained the following spells:

 Spells                   Type           Power        Failure   Level  Hunger
 Corona                   Hex            ###....      2%          1    None
 Apportation              Tloc           ##....       7%          1    None
 Confusing Touch          Hex            ###.....     8%          3    ###....
 Tukima's Dance           Hex            ###.....     8%          3    ###....
 Ensorcelled Hibernation  Hex/Ice        ##....       12%         2    ##.....
 Gell's Gravitas          Tloc           ##........   21%         3    ###....
 Lesser Beckoning         Tloc           ##........   21%         3    ###....
 Dazzling Flash           Conj/Hex       ##....       24%         3    ###....
 Animate Skeleton         Necr           N/A          26%         1    None
 Pain                     Necr           #...         26%         1    None
 Summon Small Mammal      Summ           #...         26%         1    None
 Recall                   Summ/Tloc      N/A          36%         3    ###....
 Vampiric Draining        Necr           #.........   63%         3    ###....
 Metabolic Englaciation   Hex/Ice        ##........   92%         5    ######.
 Yara's Violent Unravell  Hex/Tmut       ##........   92%         5    ######.
 Animate Dead             Necr           N/A          95%         4    ####...
 Petrify                  Tmut/Erth      #.......     95%         4    ####...
 Agony                    Necr           #.......     100%        5    ######.
 Dispersal                Tloc           ##........   100%        6    #######


Dungeon Overview and Level Annotations

Branches:
Dungeon (12/15)            Temple (1/1) D:7            Lair (6/6) D:9
  Swamp (4/4) Lair:2       Spider (0/4) Lair:4        Slime (0/5) Lair:5
    Orc (2/2) D:12            Elf (0/3) Orc:2         IceCv (visited)
Volcano (visited)

Altars:
Ashenzari
Cheibriados
Dithmenos
Elyvilon
Fedhas
Gozag
Hepliaklqana
Kikubaaqudgha
Makhleb
Nemelex Xobeh
Okawaru
Sif Muna
Trog
Uskayaw
Vehumet
Wu Jian
Xom
The Shining One
Beogh
Jiyva

Shops:
D:6 ?   D:8 ?*   D:9 =*=*?   D:11 [   D:12 *   Orc:1 %   Orc:2 %(*

Portals:
Abyss: D:3

Annotations:
Swamp:3 exclusion: 2 downstairs


Message History

You are engulfed in poison gas.
You are more poisoned.
You feel extremely sick.
A rime drake comes into view.
You see here an arrow.
You enter the shallow water.
Moving in this stuff is going to be slow.
You are engulfed in poison gas.
You are more poisoned.
* * * LOW HITPOINT WARNING * * *
x2 You feel extremely sick.
The rime drake breathes ice at you.
The flash freeze hits you but does no damage.
You are encased in ice.
The six-headed hydra bites you but does no damage.
The six-headed hydra barely misses you. The six-headed hydra bites you!
* * * LOW HITPOINT WARNING * * *
The six-headed hydra bites you!
You die...
Your body crumbles into a pile of gold.

≈..≈≈≈...≈♣.≈≈≈≈≈≈≈...≈≈≈≈..
..≈
≈≈.≈≈≈.♣♣♣≈..≈.§≈≈≈....≈≈≈..≈
≈≈.≈≈≈≈♣...≈≈≈.≈≈≈k..(≈≈
♣≈♣.≈≈....≈≈≈♣♣....(... $
♣≈♣♣♣.....≈≈♣♣ ♣≈P.(.♣ ♣≈≈
♣≈.≈≈≈♣♣♣ ♣P(≈♣ ..♣♣♣≈≈≈≈♣♣
♣♣(≈♣ ..♣ ♣♣.≈.♣♣♣♣♣♣♣(≈# ≈≈≈
♣♣.))P♣♣≈☼≈○@#
♣≈.♣♣≈.≈≈PP..♣☼○D♣
≈≈≈♣.≈≈≈≈PP≈≈☼((.♣#
≈≈≈..≈≈§≈PP≈≈≈°☼D.##
≈≈≈≈.....PP≈≈.(°°≈≈♣#
≈≈..♣♣♣♣♣♣♣.≈≈°(.≈$≈♣# .≈♣♣♣
♣.≈≈≈(.≈♣(≈#♣♣ ≈♣
♣.≈≈°..≈≈≈(≈≈# ♣
♣≈..(§$≈≈≈.(≈≈§


You could see a six-headed hydra, a swamp dragon (catching breath) and a rime
drake (catching breath).

Vanquished Creatures
  Kirke (Swamp:1)
  6 thorn hunters
  2 orc warlords
  Josephine (Orc:2)
  15 hydras
  Erolcha (D:9)
  A ghost crab (Swamp:1)
  A catoblepas (Lair:6)
  A centaur warrior (D:10)
  3 shambling mangroves
  7 two-headed ogres
  6 alligators
  A deep troll shaman (Lair:6)
  8 death yaks (Lair:6)
  5 orc high priests (Orc:2)
  2 spriggans (Swamp:4)
  Nergalle (Lair:2)
  2 unseen horrors (D:10)
  10 swamp dragons
  A lindwurm (Lair:6)
  3 orc knights (Orc:2)
  5 orc sorcerers
  4 ugly things
  5 cyclopes
  An oklob plant (Lair:4)
  A deep elf mage (D:12)
  2 salamanders (Volcano)
  7 elephants (Lair:6)
  6 black mambas
  2 ice statues (IceCv)
  7 spiny frogs
  6 komodo dragons
  4 rime drakes
  An ancient zyme (D:3)
  A queen bee (Lair:2)
  4 trolls
  9 hornets
  11 bog bodies
  3 polar bears
  6 blink frogs
  10 tyrant leeches
  A meliai zombie (D:11)
  5 dream sheep (Lair:6)
  21 slime creatures
  4 hippogriffs
  7 wraiths
  Eustachio (D:5)
  3 shadows
  A redback (Lair:4)
  12 wyverns
  46 yaks
  10 fire bats (Volcano)
  A basilisk (Lair:2)
  3 steam dragons (Volcano)
  5 hogs (Swamp:1)
  12 vampire mosquitoes
  3 hungry ghosts (D:10)
  12 insubstantial wisps
  7 wargs
  11 swamp worms
  12 water moccasins
  Duvessa (D:7)
  4 porcupines
  45 orc warriors
  A soldier ant (D:10)
  3 sky beasts
  A black bear (Lair:6)
  7 swamp drakes
  9 ice beasts
  2 necrophages
  3 phantoms
  12 ogres
  16 wolves
  The ghost of Kaiern the Firebug, an amateur DrFE (D:3)
  12 centaurs
  17 crocodiles
  5 big kobolds
  11 bullfrogs
  2 small abominations (D:3)
  2 gnoll sergeants
  A wyvern zombie (D:7)
  Dowan (D:7)
  A wyvern skeleton (D:10)
  2 scorpions
  27 killer bees
  3 howler monkeys (D:9)
  3 wights
  5 centaur zombies
  An electric eel (D:6)
  5 crimson imps
  A bullfrog zombie (D:9)
  A quasit (D:9)
  7 jellies
  8 hounds
  4 bullfrog skeletons
  A centaur skeleton (D:10)
  31 orc priests
  16 orc wizards
  8 iguanas
  6 worker ants
  A hound skeleton (D:6)
  A mummy (D:4)
  A howler monkey zombie (D:5)
  A worker ant zombie (D:9)
  4 gnolls (D:9)
  2 howler monkey skeletons
  16 adders
  5 shadow imps
  An ufetubus (D:3)
  3 oozes
  An adder skeleton (D:9)
  An adder zombie (D:5)
  7 worms
  5 dart slugs
  7 leopard geckos
  112 orcs
  2 ball pythons
  7 bats
  6 giant cockroaches
  8 goblins
  11 hobgoblins
  19 jackals
  22 kobolds
  7 quokkas
  8 frilled lizards
  A jackal skeleton (D:4)
  A kobold zombie (D:4)
  A leopard gecko skeleton (D:7)
  3 orc zombies (D:4)
  A quokka skeleton (D:7)
  4 rats
  A bush (Lair:6)
906 creatures vanquished.

Vanquished Creatures (collateral kills)
  A fire dragon (Volcano)
  A salamander (Volcano)
  2 plants (Volcano)
4 creatures vanquished.

Vanquished Creatures (others)
  Nikola (Swamp:4)
  A spiny frog (Lair:6)
  4 yaks (Lair:6)
  An orc wizard (Orc:2)
  A bush (Lair:6)
  11 fungi (Lair:6)
  37 plants
56 creatures vanquished.

Grand Total: 966 creatures vanquished

Notes
Turn   | Place    | Note
-------+----------+-------------------------------------------
     0 | D:1      | H0rd4k the Human Artificer began the quest for the Orb.
     0 | D:1      | Reached XP level 1. HP: 15/15 MP: 3/3
   157 | D:1      | Reached XP level 2. HP: 21/21 MP: 4/4
   693 | D:1      | Reached XP level 3. HP: 15/26 MP: 5/5
  1560 | D:2      | Reached XP level 4. HP: 26/32 MP: 6/6
  1787 | D:2      | Reached skill level 1 in Armour
  1802 | D:2      | Noticed a moth of wrath
  1805 | D:2      | Found a bloodstained altar of Trog.
  2471 | D:3      | Reached XP level 5. HP: 25/37 MP: 7/7
  2665 | D:3      | Found a transporter.
  3027 | D:3      | Found an ornate altar of the Wu Jian Council.
  3089 | D:3      | Noticed a small abomination
  3264 | D:3      | Found a transporter.
  3275 | D:3      | Noticed a big kobold
  3279 | D:3      | Found a one-way gate to the infinite horrors of the Abyss.
  3279 | D:3      | Noticed Kaiern's ghost (amateur DrFE)
  3280 | D:3      | Noticed an ancient zyme
  3336 | D:3      | Reached XP level 6. HP: 38/44 MP: 8/8
  3415 | D:3      | Found a radiant altar of Vehumet.
  3415 | D:3      | Found a sparkling altar of Nemelex Xobeh.
  4462 | D:4      | Noticed a phantom
  4501 | D:4      | Killed a phantom
  4501 | D:4      | Reached XP level 7. HP: 23/51 MP: 9/9
  5101 | D:5      | Entered Level 5 of the Dungeon
  5495 | D:5      | Reached XP level 8. HP: 19/57 MP: 9/11
  5889 | D:5      | Noticed Eustachio
  5911 | D:5      | Killed Eustachio
  5911 | D:5      | Reached skill level 5 in Short Blades
  6677 | D:5      | Reached XP level 9. HP: 65/65 MP: 12/12
  7097 | D:5      | Got a scorched ring mail
  7108 | D:5      | Identified the +5 ring mail "Ecsuahud" {Slay+5} (You found
                  | it on level 5 of the Dungeon)
  7932 | D:6      | Reached skill level 1 in Long Blades
  8152 | D:6      | Reached skill level 5 in Armour
  8191 | D:6      | Found a burning altar of Makhleb.
  8362 | D:6      | Found Ikhliag's Magic Scroll Shop.
  8687 | D:6      | Got a transparent dagger
  8688 | D:6      | Identified the cursed +3 dagger of Exchange {drain, *Noise
                  | Fragile Dex+9 SInv} (You found it on level 6 of the
                  | Dungeon)
  8868 | D:7      | Reached skill level 1 in Bows
  9004 | D:7      | Noticed Duvessa
  9022 | D:7      | Killed Duvessa
  9022 | D:7      | Reached XP level 10. HP: 67/73 MP: 13/13
  9027 | D:7      | Noticed Dowan
  9034 | D:7      | Killed Dowan
  9034 | D:7      | Reached skill level 5 in Dodging
  9452 | D:7      | Reached skill level 5 in Fighting
  9645 | D:7      | Found a staircase to the Ecumenical Temple.
  9937 | Temple   | Entered the Ecumenical Temple
 10010 | Temple   | Became a worshipper of Gozag Ym Sagoz the Greedy
 10239 | D:7      | Found a shimmering altar of Xom.
 10240 | D:7      | Found a hazy altar of Hepliaklqana.
 10241 | D:7      | Noticed a spectral ugly thing
 10241 | D:7      | Noticed a Killer Klown
 10271 | D:7      | Reached skill level 5 in Stealth
 10473 | D:8      | Found Helaugam's Magic Scroll Shop.
 10526 | D:8      | Bought a scroll of summoning for 142 gold pieces
 10526 | D:8      | Bought a scroll of fear for 52 gold pieces
 10912 | D:8      | Found Azufel's Assorted Antiques.
 10918 | D:8      | Bought a scroll labeled REUTOEKK BESA for 30 gold pieces
 11093 | D:9      | Found Faothrang's Jewellery Shop.
 11093 | D:9      | Noticed Erolcha
 11557 | D:9      | Killed Erolcha
 11557 | D:9      | Reached XP level 11. HP: 81/81 MP: 14/14
 11593 | D:9      | Found a staircase to the Lair.
 11923 | D:9      | Bought the ring of Lyenotum {rC+ rN+} for 362 gold pieces
 12321 | D:10     | Entered Level 10 of the Dungeon
 12459 | D:10     | Noticed an unseen horror
 12470 | D:10     | Killed an unseen horror
 12678 | D:10     | Noticed a centaur warrior
 12678 | D:10     | Noticed an unseen horror
 12699 | D:10     | Killed an unseen horror
 12705 | D:10     | Noticed a fire dragon
 13085 | D:11     | Noticed a five-headed hydra
 13096 | D:11     | Noticed a two-headed ogre
 13096 | D:11     | Noticed an unseen horror
 13179 | D:11     | Reached skill level 10 in Short Blades
 13277 | D:11     | Noticed a cyclops
 13515 | D:11     | Killed a cyclops
 13787 | D:11     | Reached XP level 12. HP: 89/89 MP: 15/15
 13810 | D:11     | Found Ejyin's Armour Shoppe.
 13816 | D:11     | Bought the +0 pair of boots of the Swamp {rC- Dex+6} for
                  | 188 gold pieces
 14064 | Lair:1   | Entered Level 1 of the Lair of Beasts
 14157 | Lair:1   | Noticed a seven-headed hydra
 14164 | Lair:1   | Killed a seven-headed hydra
 14748 | Lair:2   | Found a dark tunnel.
 14757 | Volcano  | Entered a volcano
 14798 | Volcano  | Noticed a two-headed ogre
 14831 | Volcano  | Killed a two-headed ogre
 15117 | Volcano  | Noticed a two-headed ogre
 15134 | Volcano  | Reached skill level 5 in Evocations
 15139 | Volcano  | Killed a two-headed ogre
 15400 | Volcano  | Noticed a two-headed ogre
 15406 | Volcano  | Noticed a two-headed ogre
 15407 | Volcano  | Killed a two-headed ogre
 15411 | Volcano  | Killed a two-headed ogre
 15531 | Volcano  | Noticed a fire dragon
 15540 | Volcano  | Killed a fire dragon
 15548 | Volcano  | Got a pair of fading gloves
 15769 | Lair:2   | Found a staircase to the Swamp.
 15775 | Lair:2   | Reached XP level 13. HP: 53/98 MP: 16/16
 16341 | Lair:2   | Noticed Nergalle
 16348 | Lair:2   | Killed Nergalle
 16896 | Lair:2   | Identified the cursed +0 pair of gloves "Yblakuopt" {Int+2}
                  | (You found it in a volcano)
 17041 | D:9      | Bought a scroll of enchant weapon for 262 gold pieces
 17041 | D:9      | Bought a potion of heal wounds for 175 gold pieces
 17217 | D:10     | Killed a centaur warrior
 17951 | Lair:3   | Reached skill level 2 in Bows
 18141 | Lair:3   | Reached skill level 3 in Bows
 18486 | Lair:3   | Reached skill level 4 in Bows
 19072 | Lair:4   | Reached skill level 5 in Bows
 19542 | Lair:4   | Found a hole to the Spider Nest.
 19585 | Lair:4   | Reached skill level 6 in Bows
 20225 | Lair:5   | You fall into a shaft and drop 1 floor!
 20225 | Lair:6   | Entered Level 6 of the Lair of Beasts
 20241 | Lair:6   | Reached skill level 7 in Bows
 20245 | Lair:6   | Reached XP level 14. HP: 106/106 MP: 18/18
 20375 | Lair:6   | Reached skill level 8 in Bows
 20526 | Lair:6   | Found a frozen archway.
 20542 | IceCv    | Entered an ice cave
 20555 | IceCv    | Reached skill level 9 in Bows
 20568 | IceCv    | Found a transporter.
 20579 | IceCv    | Identified the Catalogue of the Voyage
 20649 | IceCv    | Found a transporter.
 20761 | Lair:6   | Reached skill level 10 in Bows
 21713 | Lair:6   | Reached skill level 11 in Bows
 21888 | Lair:6   | Got a shimmering granite ring
 22323 | Lair:5   | Reached XP level 15. HP: 87/113 MP: 19/19
 22421 | Lair:5   | Found a runed translucent door.
 22423 | Lair:5   | Found a viscous altar of Jiyva.
 22454 | Lair:5   | Found a staircase to the Slime Pits.
 22807 | D:9      | Identified the ring "Naygho" {rElec rCorr MP+9} (You found
                  | it on level 6 of the Lair of Beasts)
 22829 | D:9      | Bought a scroll labeled TOILI XEAMESH for 30 gold pieces
 22829 | D:9      | Bought a sparkling bronze amulet for 150 gold pieces
 22829 | D:9      | Bought a scroll of identify for 60 gold pieces
 22831 | D:9      | Identified the amulet "Cime" {RegenMP rF++ Int+3} (You
                  | bought it in a shop on level 9 of the Dungeon)
 22850 | D:9      | Learned a level 2 spell: Shroud of Golubria
 22967 | D:3      | Killed Kaiern's ghost
 23355 | D:12     | Found Aiosuzim's Alliterative Accessories.
 23365 | D:12     | Bought a scroll of acquirement for 676 gold pieces
 23365 | D:12     | Acquired 710 gold pieces
 23433 | D:12     | Reached skill level 12 in Bows
 23669 | D:12     | Reached skill level 1 in Spellcasting
 23690 | D:12     | Found a staircase to the Orcish Mines.
 23959 | D:12     | Reached skill level 1 in Charms
 24198 | Orc:1    | Entered Level 1 of the Orcish Mines
 24234 | Orc:1    | Reached skill level 1 in Translocations
 24467 | Orc:2    | Entered Level 2 of the Orcish Mines
 24739 | Orc:2    | Noticed Josephine
 24760 | Orc:2    | Killed Josephine
 24916 | Orc:2    | Noticed an orc warlord
 24927 | Orc:2    | Killed an orc warlord
 25193 | Orc:2    | Found a roughly hewn altar of Beogh.
 25218 | Orc:2    | Found Emyif's General Store.
 25278 | Orc:2    | Reached skill level 10 in Fighting
 25389 | Orc:2    | Found Ilaih's Food Shoppe.
 25544 | Orc:2    | Found a staircase to the Elven Halls.
 25748 | Orc:2    | Reached skill level 13 in Bows
 25916 | Orc:2    | Found Ethecuemn's Food Emporium.
 25931 | Orc:2    | Found a roughly hewn altar of Beogh.
 26127 | Orc:2    | Paralysed by an orc sorcerer for 6 turns
 26157 | Orc:2    | Found Ekhlisul's Weapon Shoppe.
 27103 | Orc:1    | Noticed an orc warlord
 27121 | Orc:1    | Killed an orc warlord
 27207 | Orc:1    | Found Oxiemm's Food Shoppe.
 27558 | D:9      | Bought a scroll of enchant weapon for 112 gold pieces
 27558 | D:9      | Bought a scroll of identify for 30 gold pieces
 27611 | D:9      | Learned a level 3 spell: Portal Projectile
 27671 | Swamp:1  | Entered Level 1 of the Swamp
 27707 | Swamp:1  | Reached XP level 16. HP: 88/122 MP: 21/21
 28108 | Swamp:1  | Noticed Kirke
 28516 | Swamp:1  | Reached skill level 10 in Stealth
 28542 | Swamp:1  | Reached skill level 1 in Hexes
 28773 | Swamp:1  | Killed Kirke
 29195 | Swamp:2  | Noticed a thorn hunter
 29204 | Swamp:2  | Killed a thorn hunter
 29591 | Swamp:2  | Noticed a thorn hunter
 29599 | Swamp:2  | Killed a thorn hunter
 29599 | Swamp:2  | Reached skill level 14 in Bows
 29818 | Swamp:2  | Reached skill level 10 in Armour
 30760 | Swamp:3  | Paralysed by a hornet for 1 turns
 31487 | Swamp:4  | Entered Level 4 of the Swamp
 31598 | Swamp:4  | Noticed a thorn hunter
 31606 | Swamp:4  | Killed a thorn hunter
 31623 | Swamp:4  | Noticed a thorn hunter
 31638 | Swamp:4  | Killed a thorn hunter
 31647 | Swamp:4  | Reached XP level 17. HP: 80/131 MP: 22/22
 31934 | Swamp:4  | Noticed a thorn hunter
 31951 | Swamp:4  | Noticed Nikola
 32230 | Swamp:4  | Killed Nikola
 32230 | Swamp:4  | Reached skill level 15 in Bows
 32230 | Swamp:4  | Reached skill level 5 in Hexes
 32500 | Swamp:4  | Noticed a thorn hunter
 32510 | Swamp:4  | Killed a thorn hunter
 32641 | Swamp:4  | Killed a thorn hunter
 32649 | Swamp:4  | HP: 5/133 [six-headed hydra (13)]
 32649 | Swamp:4  | Mangled by a six-headed hydra

Illustrated notes

Levels and vault maps discovered:
D:1:      dpeg_arrival_rhombus, layout_basic, minmay_misc_feat_pillars
D:2:      minmay_general_purpose_star, layout_basic, tgw_trog
D:3:      layout_basic, chequers_temple_overflow_statue_of_worship,
          gammafunk_ghost_abyssal_escape
D:4:      layout_basic, first_ration, glass_columns_a, minmay_mini_ossuary
D:5:      cheibrodos_barr_body, layout_gridville, uniq_eustachio
D:6:      layout_loops_ring, serial_shops, shop, nrook_pool_corridor,
          minmay_liquid_box, st_stairs_11, bloody_makhleb
D:7:      layout_basic, regret_index_temple_of_mockery,
          minmay_temple_entry_statues_fountains, st_stairs_9, uniq_duvessa
D:8:      layout_cave_pools, serial_shops, shop, shop
D:9:      layout_cave_pools, david_lair_shrubbed, serial_shops, shop,
          blue_anna_alchemist [blue_anna_fruit_fields, blue_anna_fruit_fields],
          uniq_erolcha
D:10:     minmay_blocky_corners, layout_long_grid
D:11:     kennysheep_ambush_hall, layout_rooms, serial_shops,
          kennysheep_mini_moat, minivault_12
D:12:     layout_stronghold, orc_0_dummy, serial_undead, serial_undead_c,
          serial_undead_c, serial_undead_e, serial_undead_b,
          nicolae_alphabet_shops, st_stairs_3
Temple:   eino_temple_rhombus
Lair:1:   layout_roguey
Lair:2:   layout_cave_pods, skrybe_swamp_entry_bodies, special_room
          [special_room_bee], nicolae_volcano_entry_hallway,
          nicolae_lair_grove_arrangements, grunt_megastairs_4, uniq_nergalle
Lair:3:   layout_small_grid
Lair:4:   layout_long_grid, spider_nest_entry_webs
Lair:5:   layout_misc_corridors, slime_altar_2
Lair:6:   grunt_lair_end_beastmaster, layout_regular_city,
          portal_ice_cave_entry_pillars_2, wad_woods_06, lemuel_fruit_fields
Swamp:1:  layout_basic_swamp, evilmike_swamp_ruin_house_6,
          infiniplex_staircase_pool_2, uniq_kirke
Swamp:2:  layout_basic_swamp, nicolae_swamp_orc_logging_accident
Swamp:3:  layout_basic_swamp, nicolae_swamp_trees_clearing
Swamp:4:  swamp_alternative, layout_basic_swamp, uniq_nikola
Orc:1:    layout_caves, serial_shops,
          nicolae_shop_temple_entry_statues_fountains, nicolae_orc_rockfall
Orc:2:    pubby_orc_utopia, uniq_josephine

Skill      XL: |  1  2  3  4  5  6  7  8  9 10 11 12 13 14 15 16 17 |
---------------+----------------------------------------------------+-----
Armour         | 1 2 3 4 5 7 9 10 | 10.3
Short Blades   | 2 3 4 5 6 8 10 11 | 11.3
Fighting       | 2 3 4 5 6 7 8 9 10 11 12 | 12.2
Dodging        | 3 4 5 6 8 9 |  9.6
Stealth        | 2 3 4 6 7 9 10 | 10.4
Evocations     | 4 5 6 |  6.0
Long Blades    | 2 3 |  3.2
Bows           | 1 7 11 13 14 15 | 15.3
Spellcasting   | 3 |  3.8
Charms         | 3 |  3.5
Translocations | 3 |  3.4
Hexes          | 4 5 |  5.7
Throwing       | |  0.3
Unarmed Combat | |  0.4

Action                   |  1- 3 |  4- 6 |  7- 9 | 10-12 | 13-15 | 16-18 || total
-------------------------+-------+-------+-------+-------+-------+-------++-------
Melee: Short sword       |   161 |    72 |       |       |       |       ||   233
       Dagger            |       |   230 |   312 |   728 |   246 |       ||  1516
       Falchion          |       |       |    34 |       |       |       ||    34
       Shortbow          |       |       |       |       |     1 |       ||     1
       Unarmed           |       |       |       |       |       |     8 ||     8
 Fire: Shortbow          |       |       |     5 |       |  1030 |   557 ||  1592
Throw: Dart              |       |       |       |     2 |       |       ||     2
Invok: Call Merchant     |       |       |       |       |     4 |       ||     4
Evoke: Wand              |       |    12 |     1 |    17 |    16 |     6 ||    52
       Tin of tremorston |       |       |       |       |     1 |       ||     1
  Use: Scroll            |       |       |    10 |     9 |    20 |     4 ||    43
       Potion            |       |       |       |     5 |     2 |     4 ||    11
 Stab: Sleeping          |     1 |     1 |     9 |    10 |     3 |       ||    24
       Distracted        |       |       |       |     2 |     3 |       ||     5
       Paralysed         |       |       |       |     6 |       |     6 ||    12
  Eat: Chunk             |     2 |    10 |    14 |     4 |       |       ||    30
       Ration            |       |       |       |     5 |    12 |     4 ||    21
Armor: Leather armour    |    52 |    64 |    36 |       |       |       ||   152
       Ring mail         |       |       |    33 |   168 |   120 |    20 ||   341
Dodge: Dodged            |   104 |   197 |   163 |   378 |   309 |    62 ||  1213
       Rpst.: Falchion   |       |       |     5 |       |       |       ||     5
